 Dungeon Crawl Stone Soup version 0.15.2 (webtiles) character file.

4 magipi the Sneak (level 1, 0/13 HPs)
             Began as a Gargoyle Assassin on Sept 10, 2015.
             Slain by a hobgoblin
             ... wielding a +0 club
              (5 damage)
             ... on Level 1 of the Dungeon.
             The game lasted 00:01:19 (161 turns).

magipi the Sneak (Gargoyle Assassin)                 Turns: 161, Time: 00:01:19

HP   0/13        AC  5     Str 14      XL: 1   Next: 60%
MP   1/1         EV 11     Int 11      God:
Gold 11          SH  0     Dex 11      Spells:  0 memorised,  0 levels left

rFire  . . .     SeeInvis .     a - +2 dagger
rCold  . . .     Clarity  .     c - +0 robe
rNeg   + . .     rCorr    .     (no shield)
rPois  +         rRot     +     (no helmet)
rElec  +         Spirit   .     d - +0 cloak
SustAb .         Warding  .     (no gloves)
rMut   .         Stasis   .     (no boots)
Gourm  .                        (no amulet)
MR     .....                    (no ring)
                                (no ring)

@: not resistant to hostile enchantments, unstealthy
A: negative energy resistance 1, electricity resistance, unbreathing,
petrification resistance, rot immunity, AC +2
a: no special abilities


You were on level 1 of the Dungeon.
You were not hungry.

You visited 1 branch of the dungeon, and saw 1 of its levels.

You collected 11 gold pieces.

Inventory:

Hand weapons
 a - a +2 dagger (weapon)
 b - a +0 blowgun
Missiles
 e - 8 poisoned needles
 f - 2 curare-tipped needles
 i - 2 tomahawks (quivered)
Armour
 c - a +0 robe (worn)
 d - a +0 cloak (worn)
Comestibles
 g - a bread ration
Scrolls
 h - a scroll of remove curse {unknown}
 j - a scroll of blinking {unknown}
 k - a scroll of enchant weapon {unknown}
Potions
 l - a potion of haste {unknown}
 m - a potion of curing {unknown}


   Skills:
 + Level 2.4 Fighting
 - Level 1.7 Short Blades
 + Level 2.2 Throwing
 - Level 0.7 Dodging
 - Level 4.3 Stealth


You couldn't memorise any spells.
You didn't know any spells.

Dungeon Overview and Level Annotations

Branches:
Dungeon (1/15)

Altars:


Innate Abilities, Weirdness & Mutations

You are resistant to torment.
You are immune to poison.
Your stone body is very resilient (AC +2).
You resist negative energy.
You are resistant to electric shocks.
You can survive without breathing.
You are immune to petrification.
You are immune to rotting.

Vault maps used:
D:1:      dpeg_arrival_concentric_ovals


Message History

You open the door.
Found a stone staircase leading down.
Found 21 bolts and a scroll labeled CHATIGGEFU.
There is an open door here.
Found a blue potion.
You see here 21 bolts.
k - a scroll labeled CHATIGGEFU
There is a stone staircase leading down here.
Found a stone staircase leading down.
l - a blue potion
Found a bubbling brown potion.
A bat comes into view.
Unknown command.
The bat closely misses you.
You barely miss the bat. The bat barely misses you. The bat closely misses you.
The bat barely misses you.
You closely miss the bat. The bat closely misses you.
The bat barely misses you. The bat closely misses you.
You closely miss the bat. The bat closely misses you.
The bat hits you but does no damage. The bat hits you but does no damage.
You barely miss the bat. The bat barely misses you.
The bat hits you but does no damage. The bat misses you.
You see here a bubbling brown potion.
You hit the bat.
The bat is moderately wounded.
The bat barely misses you.
m - a bubbling brown potion The bat hits you but does no damage.
The bat barely misses you.
You hit the bat.
The bat is moderately wounded.
The bat closely misses you. The bat hits you but does no damage.
You barely miss the bat.
The bat is moderately wounded.
The bat hits you but does no damage. The bat barely misses you.
The bat misses you.
You closely miss the bat.
The bat is moderately wounded.
The bat hits you but does no damage. The bat closely misses you.
You closely miss the bat.
The bat is moderately wounded.
The bat closely misses you. The bat hits you but does no damage.
The bat hits you.
You closely miss the bat. The bat hits you.
You hit the bat.
The bat is severely wounded.
The bat hits you but does no damage.
You miss the bat.
The bat is severely wounded.
The bat misses you.
You miss the bat.
The bat is moderately wounded.
The bat hits you.
You hit the bat but do no damage.
The bat is moderately wounded.
The bat hits you. The bat hits you but does no damage. The bat hits you.
You hit the bat.
You kill the bat!
Found 29 stones.
A rat comes into view.
You hit the rat.
You kill the rat!
You see here a rat corpse.
Found 10 sling bullets of flame.
A bat comes into view.
Found 15 gold pieces.
A kobold comes into view.
The kobold shouts!
A hobgoblin comes into view.
The hobgoblin shouts!
The bat hits you but does no damage.
You hit the bat.
The bat is severely wounded.
The bat closely misses you. x2
A hobgoblin comes into view. It is wielding a club.
You hit the bat.
You kill the bat!
You completely miss the kobold. The kobold barely misses you.
You barely miss the kobold. The kobold closely misses you.
You hit the kobold.
You kill the kobold!
You barely miss the hobgoblin. The hobgoblin hits you.
You hit the hobgoblin.
The hobgoblin is heavily wounded.
The hobgoblin hits you but does no damage.
You hit the hobgoblin.
The hobgoblin is severely wounded.
The hobgoblin hits you but does no damage.
You hit the hobgoblin.
You kill the hobgoblin!
You hit the hobgoblin.
The hobgoblin is almost dead.
The hobgoblin hits you with a club.
You die...

##### #...# #...# . #...#
... ##(..###......
##....@g.......
#.....###...... #.#...#
.... #####.#...# ....
#.....#...# .....
######.###.##.####.......
#.......................$
#.......###########......
##....############# #..


You could see a hobgoblin.

Table legend:
 A = Kills in this place as a percentage of kills in entire the game.
 B = Kills by you in this place as a percentage of kills by you in the entire game.
 C = Kills by friends in this place as a percentage of kills by friends in the entire game.
 D = Other kills in this place as a percentage of other kills in the entire game.
 E = Experience gained in this place as a percentage of experience gained in the entire game.
 F = Experience gained in this place divided by the number of levels of this place that you have seen.
                   A       B       C       D       E      F
               +-------+-------+-------+-------+-------+----------------------
         Total | 100.0 | 100.0 |  -nan |  -nan | 100.0 |   6.0
       Dungeon | 100.0 | 100.0 |  -nan |  -nan | 100.0 |   6.0
               +-------+-------+-------+-------+-------+----------------------

Vanquished Creatures
  A hobgoblin (D:1)
  2 bats (D:1)
  A kobold (D:1)
  A rat (D:1)
5 creatures vanquished.

Notes
Turn   | Place    | Note
--------------------------------------------------------------
     0 | D:1      | magipi, the Gargoyle Assassin, began the quest for the Orb.
     0 | D:1      | Reached XP level 1. HP: 12/12 MP: 1/1
   161 | D:1      | Slain by a hobgoblin

Action                   || total
-------------------------++-------
Melee: Dagger            ||    26

Action                   || total
-------------------------++-------
Melee: Dagger            ||    26

Action                   || total
-------------------------++-------
Melee: Dagger            ||    26
